 Dungeon Crawl Stone Soup version 0.31-a0-564-g3b7de120b3 (webtiles) character file.

Game seed: 5057804093672381007

7860 Rohain the Nimble (level 11, -6/59 (65) HPs)
             Began as a Djinni Fire Elementalist on Aug 17, 2023.
             Was a Believer of Makhleb.
             Mangled by a wraith (7 damage)
             ... led by Josephine
             ... on level 10 of the Dungeon.
             The game lasted 00:28:06 (10211 turns).

Rohain the Nimble (Djinni Fire Elementalist)       Turns: 10211, Time: 00:28:07

HP:   -6/59 (65)    AC:  7    Str:  7    XL:     11   Next: 45%
Gold: 173           EV: 17    Int: 21    God:    Makhleb [**....] SH:  0 Dex: 14

rFire   + + +        d - staff of poison
rCold   + . .        (no shield)
rNeg    + . .        x - +2 robe {rC+ rF+}
rPois   ∞            F - +1 helmet
rElec   .            k - +0 cloak
rCorr   .            (no gloves)
SInv    +            (boots unavailable)
Will    ++...        y - amulet "Vunump" {Faith rC+ SInv}
Stlth   +++          s - ring of positive energy
HPRegen 0.29/turn    v - ring of willpower
MPRegen 0.00/turn

%: faith, infuse magic (-7 HP)
@: flying, slowed, drained, very slow
A: sickness immunity, fire resistance 2, cold vulnerability 1, float, innate
caster, HP casting, extra vitality 1
a: Renounce Religion, Minor Destruction


You were on level 10 of the Dungeon.
You worshipped Makhleb.
Makhleb was pleased with you.
You visited 1 branch of the dungeon, and saw 10 of its levels.

You collected 635 gold pieces.
You spent 462 gold pieces at shops.

Inventory:

Hand Weapons
 j - the +1 flail of the Sun {freeze, Contam Str+8 Int+3}
   (You found it on level 2 of the Dungeon)

   Str+8:     It affects your strength (+8).
   Int+3:     It affects your intelligence (+3).
   Contam:    It causes magical contamination when unequipped.
Missiles
 p - a throwing net
Armour
 a - a +0 robe
 k - a +0 cloak (worn)
 o - the +1 robe "Dedoisk" {rF++ Str-5}
   (You found it on level 6 of the Dungeon)

   Str-5:     It affects your strength (-5).
   rF++:      It greatly protects you from fire.
 x - a +2 robe of resistance (worn)
 D - a +2 robe of willpower
 E - the +1 helmet of Xuniupso {rC- rCorr Dex+4 Stlth+}
   (You bought it in a shop on level 3 of the Dungeon)

   Dex+4:     It affects your dexterity (+4).
   rC-:       It makes you vulnerable to cold.
   rCorr:     It protects you from acid and corrosion.
   Stlth+:    It makes you more stealthy.
 F - a +1 helmet (worn)
Magical Staves
 d - a staff of poison (weapon)
Jewellery
 s - a ring of positive energy (left hand)
 v - a ring of willpower (right hand)
 y - the amulet "Vunump" (around neck) {Faith rC+ SInv}
   (You acquired it on level 9 of the Dungeon)

   [amulet of faith]

   Faith:     It allows you to gain divine favour quickly.
   rC+:       It protects you from cold.
   SInv:      It lets you see invisible.
Wands
 n - a wand of flame (6)
Scrolls
 e - 3 scrolls of enchant armour
 i - 8 scrolls of identify
 l - 3 scrolls of amnesia
 t - 3 scrolls of enchant weapon
 u - a scroll of brand weapon
 w - 3 scrolls of teleportation
Potions
 b - a potion of brilliance
 c - 3 potions of mutation {unknown}
 f - a potion of resistance
 g - 3 potions of heal wounds {unknown}
 h - 3 potions of might
 m - 2 potions of enlightenment {unknown}
 q - 3 potions of curing
 r - 2 potions of haste {unknown}
 z - a potion of degeneration {unknown}
 A - a potion of lignification {unknown}


   Skills:
 + Level 10.8 Dodging
 - Level 5.0 Stealth
 + Level 8.2 Spellcasting
 + Level 8.2 Conjurations
 + Level 8.2 Hexes
   Level 0.0 Charms
 + Level 8.2 Summonings
 + Level 8.2 Necromancy
 + Level 8.2 Translocations
 + Level 8.2 Transmutations
 + Level 8.2 Fire Magic
 + Level 8.2 Ice Magic
 + Level 8.2 Air Magic
 + Level 8.2 Earth Magic
 + Level 8.2 Poison Magic
 + Level 8.0 Invocations


You knew the following spells:

 Your Spells              Type           Power      Damage    Failure   Level
a - Foxfire               Conj/Fire      100%       2x1d9     1%          1
b - Scorch                Fire           86%        2d8       1%          2
c - Volatile Blastmotes   Fire/Tloc      86%        2d17      1%          3
d - Inner Flame           Hex/Fire       43%        N/A       1%          3
e - Flame Wave            Conj/Fire      43%        2d11      2%          4
f - Necrotise             Necr           100%       1d9       1%          1
g - Passwall              Tmut/Erth      35%        N/A       1%          2
h - Vampiric Draining     Necr           43%        2d9       1%          3
i - Olgreb's Toxic Radia  Pois           60%        N/A       2%          4
j - Yara's Violent Unrav  Hex/Tmut       21%        3d10      7%          5
Your spell library was empty.

Dungeon Overview and Level Annotations

Branches:
Dungeon (10/15)            Temple (0/1) D:5
   Lair: D:8-11         Orc: D:9-12

Altars:
Elyvilon
Makhleb
Okawaru
Trog
Xom
Yredelemnul

Shops:
D:3 [[*[

Annotations:
D:7 3 runed translucent doors, innerfire43's ghost, novice GnSh
D:10 Josephine


Innate Abilities, Weirdness & Mutations

You are immune to sickness and miasma.
You are immune to poison.
Your flesh is very heat resistant. (rF++)
You are vulnerable to cold. (rC-)
You float through the air rather than walking.
You learn spells naturally, not from books.
Your magical power is your life essence.
You have superior vitality. (+4 MHP)


Message History

Confirm with . or Enter, or press ? or * to list all spells.
Flames lash Josephine.
Josephine is burned terribly!
Josephine is almost dead.
The wraith closely misses you. Josephine hits you but does no damage.
Casting: Scorch (safe; 1% risk of failure)
Confirm with . or Enter, or press ? or * to list all spells.
Flames lash the wraith but do no damage.
The wraith closely misses you. Josephine hits you with a +0 dagger.
* * * LOW HITPOINT WARNING * * *
The wraith closely misses you. x2
Josephine gestures at you while chanting.
The ghostly flame explodes!
The ghostly fireball engulfs you. You partially resist.
You feel drained.
* * * LOW HITPOINT WARNING * * *
The ghostly fireball engulfs the wraith.
The wraith completely resists.
The ghostly fireball engulfs the wraith.
The wraith completely resists.
The ghostly fireball engulfs Josephine.
Josephine completely resists.
You hear a howl!
Unknown command.
Okay, then.
Okay, then.
You feel better. The wraith barely misses you. The wraith hits you.
* * * LOW HITPOINT WARNING * * *
The wraith drains your vigour!
You feel as though you will be slow longer.
The wraith hits you.
* * * LOW HITPOINT WARNING * * *
The wraith drains your vigour!
You feel as though you will be slow longer.
Josephine barely misses you.
You feel better. The wraith closely misses you. The wraith hits you!
* * * LOW HITPOINT WARNING * * *
The wraith drains your vigour!
You feel as though you will be slow longer.
Josephine hits you with a +0 dagger.
* * * LOW HITPOINT WARNING * * *
The wraith hits you!
You die...

..................).#
....................#
.....................#
..>..............#
.................#
................##
................##
......(..W.......##
.........W@W....##
#.......W@....##
#...........##
#.........## ....##
##.......## .....#
##.......## ......
##.......##
.......#.).....##
..............##


You could see Josephine (very poisoned, combustible) and 4 wraiths.

Vanquished Creatures
  Erolcha (D:9)
  An ugly thing (D:8)
  Jeremiah (D:7)
  A komodo dragon (D:8)
  Psyche (D:9)
  2 kobold demonologists (D:10)
  A troll (D:10)
  A wyvern (D:8)
  9 yaks (D:9)
  2 steam dragons
  Eustachio (D:6)
  A warg (D:10)
  A swamp worm (D:8)
  2 water moccasins (D:7)
  4 orc warriors
  A sky beast (D:6)
  3 ice beasts
  An ogre (D:5)
  2 centaurs
  A phantom (D:5)
  2 kobold brigands
  2 bullfrogs
  4 scorpions
  5 wights (D:8)
  7 killer bees (D:9)
  7 hounds
  A jelly (D:7)
  3 orc priests
  5 iguanas
  Ijyb (D:5)
  A sleepcap (D:6)
  9 orc wizards
  5 gnolls
  4 adders
  A shadow imp (D:6)
  A white imp (D:6)
  An ufetubus (D:6)
  3 dart slugs
  20 orcs
  4 ball pythons
  5 bats
  8 endoplasms
  4 giant cockroaches
  4 goblins
  7 hobgoblins
  4 jackals (D:4)
  A quokka (D:2)
  A frilled lizard (D:2)
  11 kobolds
  7 rats
175 creatures vanquished.

Vanquished Creatures (collateral kills)
  An orc (D:10)
  An endoplasm (D:1)
  8 foxfires
10 creatures vanquished.

Vanquished Creatures (others)
  451 foxfires
451 creatures vanquished.

Grand Total: 636 creatures vanquished

Notes
Turn   | Place    | Note
-------+----------+-------------------------------------------
     0 | D:1      | Rohain the Djinni Fire Elementalist began the quest for the
                  | Orb.
     0 | D:1      | Rohain set off with the following spells memorised:
                  | Foxfire, Scorch, Volatile Blastmotes, Inner Flame, Flame
                  | Wave.
     0 | D:1      | Reached XP level 1. HP: 15/15 MP: 0/0
   287 | D:1      | Reached XP level 2. HP: 19/21 MP: 0/0
   408 | D:1      | Reached XP level 3. HP: 22/25 MP: 0/0
   408 | D:1      | Learned a level 1 spell: Necrotise
   917 | D:1      | Found a faded altar of an unknown god.
  1060 | D:2      | Identified the +1 flail of the Sun {freeze, Contam Str+8
                  | Int+3}
  1065 | D:2      | Reached XP level 4. HP: 29/31 MP: 0/0
  1071 | D:2      | Reached skill level 3 in Dodging
  1175 | D:2      | Found a shimmering altar of Xom.
  1377 | D:2      | Reached XP level 5. HP: 34/35 MP: 0/0
  1377 | D:2      | Learned a level 2 spell: Passwall
  1627 | D:3      | Found Dogul's Antique Armour Shoppe.
  1854 | D:3      | Found Anor's Antique Armour Emporium.
  2062 | D:3      | Found Pieruump's Antique Armour Boutique.
  2096 | D:3      | Found Hoedum's Assorted Antiques.
  2695 | D:4      | Reached XP level 6. HP: 29/40 MP: 0/0
  2968 | D:4      | Identified the +0 plate armour "Ithribich" {rN+ Str+5}
  3378 | D:5      | Entered Level 5 of the Dungeon
  3385 | D:5      | Reached skill level 4 in Dodging
  3386 | D:5      | Reached XP level 7. HP: 31/45 MP: 0/0
  3386 | D:5      | Learned a level 3 spell: Vampiric Draining
  3452 | D:5      | Found a burning altar of Makhleb.
  3462 | D:5      | Became a worshipper of Makhleb the Destroyer
  3494 | D:5      | Found a staircase to the Ecumenical Temple.
  3803 | D:5      | Identified the +4 ring mail "Maonoyve" {rC+}
  3953 | D:5      | Noticed Ijyb
  3960 | D:5      | Killed Ijyb
  4005 | D:5      | Reached skill level 5 in Spellcasting
  4005 | D:5      | Reached skill level 5 in Conjurations
  4005 | D:5      | Reached skill level 5 in Hexes
  4005 | D:5      | Reached skill level 5 in Summonings
  4005 | D:5      | Reached skill level 5 in Necromancy
  4005 | D:5      | Reached skill level 5 in Translocations
  4005 | D:5      | Reached skill level 5 in Transmutations
  4005 | D:5      | Reached skill level 5 in Fire Magic
  4005 | D:5      | Reached skill level 5 in Ice Magic
  4005 | D:5      | Reached skill level 5 in Air Magic
  4005 | D:5      | Reached skill level 5 in Earth Magic
  4005 | D:5      | Reached skill level 5 in Poison Magic
  4113 | D:5      | Found a basalt altar of Yredelemnul.
  4120 | D:5      | Found a bloodstained altar of Trog.
  4120 | D:5      | Found a shimmering altar of Xom.
  4139 | D:5      | Found an iron altar of Okawaru.
  4143 | D:5      | Found a white marble altar of Elyvilon.
  4328 | D:5      | Reached XP level 8. HP: 48/50 MP: 0/0
  4527 | D:6      | Reached skill level 5 in Dodging
  4751 | D:6      | Identified the +1 robe "Dedoisk" {rF++ Str-5}
  4908 | D:6      | Noticed Eustachio
  4933 | D:6      | Killed Eustachio
  4934 | D:6      | Reached skill level 6 in Dodging
  4934 | D:6      | Reached XP level 9. HP: 44/55 MP: 0/0
  4934 | D:6      | Learned a level 4 spell: Olgreb's Toxic Radiance
  5039 | D:6      | Reached skill level 5 in Stealth
  5246 | D:6      | Reached skill level 1 in Invocations
  5352 | D:7      | Noticed Jeremiah
  5385 | D:7      | Killed Jeremiah
  5551 | D:7      | Found a runed translucent gate.
  5552 | D:7      | Found a runed translucent gate.
  5553 | D:7      | Found a runed translucent gate.
  5553 | D:7      | Noticed innerfire43's ghost (novice GnSh)
  5639 | D:7      | Noticed a troll
  5723 | D:7      | Reached * piety under Makhleb
  5724 | D:7      | Reached skill level 7 in Dodging
  6788 | D:8      | Noticed a komodo dragon
  6816 | D:8      | HP: 1/55 [komodo dragon (29)]
  6817 | D:8      | Noticed a brown ugly thing
  6819 | D:8      | Killed a komodo dragon
  6820 | D:8      | Reached skill level 8 in Dodging
  6820 | D:8      | Reached XP level 10. HP: 2/60 MP: 0/0
  7189 | D:8      | Reached skill level 5 in Invocations
  7884 | D:8      | Killed a brown ugly thing
  7963 | D:8      | Identified the +3 sling "Hokkevaqe" {drain, rElec Dex+6}
  8249 | D:8      | Reached skill level 9 in Dodging
  8448 | D:9      | Reached ** piety under Makhleb
  8535 | D:9      | Noticed Erolcha
  8547 | D:9      | Killed Erolcha
  8792 | D:9      | Noticed Psyche
  8800 | D:9      | Killed Psyche
  9114 | D:9      | Reached XP level 11. HP: 65/65 MP: 0/0
  9114 | D:9      | Learned a level 5 spell: Yara's Violent Unravelling
  9118 | D:9      | Reached skill level 10 in Dodging
  9400 | D:10     | Entered Level 10 of the Dungeon
  9498 | D:10     | Noticed Josephine
  9775 | D:3      | Bought a bloodstained helmet for 237 gold pieces
  9775 | D:3      | Identified the +1 helmet of Xuniupso {rC- rCorr Dex+4
                  | Stlth+} (You bought it in a shop on level 3 of the Dungeon)
  9824 | D:3      | Bought a runed helmet for 225 gold pieces
 10117 | D:9      | Identified a scroll of acquirement
 10117 | D:9      | Acquired the amulet "Vunump" {Faith rC+ SInv}
 10211 | D:10     | HP: 1/59 [Josephine/+0 dagger (3)]
 10211 | D:10     | Mangled by a wraith

Illustrated notes

Levels and vault maps discovered:
D:1:      amcnicky_arrival_underground_garden, layout_loops_corners,
          dilly_ecumenical_altar_fadedgnrine, minmay_pentomino_q2
D:2:      layout_rooms, basic_altar
D:3:      layout_loops_corners, serial_forest, infiniplex_forest_lined_2,
          infiniplex_forest_clump_medium, infiniplex_forest_clump_small,
          infiniplex_forest_lined_corner, infiniplex_forest_clump_small,
          infiniplex_forest_lined_2, infiniplex_forest_corner_1,
          infiniplex_forest_lined_room_, infiniplex_forest_clump_cross,
          serial_shops, nicolae_shop_behind_doors,
          nicolae_shop_temple_entry_statues_fountains, nicolae_shop_peninsula,
          shop, chequers_garden
D:4:      layout_loops_ring
D:5:      layout_loops_cross, minmay_overflow_temple_star_hex,
          amethyst_overflow_temple_binary, minmay_temple_entry_mist,
          minmay_strange_pillars, serial_park_tiny_2, uniq_ijyb
D:6:      layout_basic, minmay_misc_feat_four_crosses, uniq_eustachio
D:7:      layout_loops_corners, gammafunk_ghost_split, grunt_ministairs_8,
          uniq_jeremiah
D:8:      layout_loops_corners, columned_hall_lemuel, small_statue_intersection,
          minmay_gold_behind_fungi, worms_lemuel
D:9:      layout_basic, uniq_psyche, uniq_erolcha
D:10:     layout_big_octagon, erik_lair_orcish_takeover, kennysheep_doodads,
          uniq_josephine

Skill      XL: |  1  2  3  4  5  6  7  8  9 10 11 |
---------------+----------------------------------+-----
Spellcasting   | 4 5 6 7 8 |  8.2
Conjurations   | 4 5 6 7 8 |  8.2
Hexes          | 4 5 6 7 8 |  8.2
Summonings     | 4 5 6 7 8 |  8.2
Necromancy     | 4 5 6 7 8 |  8.2
Translocations | 4 5 6 7 8 |  8.2
Transmutations | 4 5 6 7 8 |  8.2
Fire Magic     | 4 5 6 7 8 |  8.2
Ice Magic      | 4 5 6 7 8 |  8.2
Air Magic      | 4 5 6 7 8 |  8.2
Earth Magic    | 4 5 6 7 8 |  8.2
Poison Magic   | 4 5 6 7 8 |  8.2
Stealth        | 2 3 4 5 |  5.0
Dodging        | 3 4 6 8 9 10 | 10.8
Invocations    | 4 6 8 |  8.0

Action                     |  1- 3 |  4- 6 |  7- 9 | 10-12 || total
---------------------------+-------+-------+-------+-------++-------
  Melee: Staff             |       |     1 |     3 |     1 ||     5
   Cast: Foxfire           |    44 |    52 |   115 |    81 ||   292
         Scorch            |     5 |    14 |     4 |    22 ||    45
         Necrotise         |     7 |    21 |    33 |     3 ||    64
         Volatile Blastmot |       |     3 |     5 |     2 ||    10
         Vampiric Draining |       |       |    21 |    10 ||    31
         Olgreb's Toxic Ra |       |       |     3 |    26 ||    29
         Flame Wave        |       |       |       |     3 ||     3
         Passwall          |       |       |       |     1 ||     1
         Yara's Violent Un |       |       |       |     1 ||     1
    Use: Scroll            |     2 |     7 |     3 |     4 ||    16
         Potion            |       |     1 |     3 |     2 ||     6
 Armour: Robe              |     4 |    12 |    11 |     9 ||    36
  Dodge: Dodged            |    10 |    34 |    34 |    57 ||   135

Table legend: (Time is in decaauts)
 A = Elapsed time spent in this place.
 B = Non-inter-level travel time spent in this place.
 C = Inter-level travel time spent in this place.
 D = Time resting spent in this place.
 E = Time spent auto-exploring this place.
 F = Levels seen in this place.
 G = Mean time per level.
                   A        B        C        D        E       F      G
               +--------+--------+--------+--------+--------+-----+--------+
         Total |  10224 |   9639 |    585 |   1088 |   6847 |  10 | 1022.4 |
       Dungeon |  10224 |   9639 |    585 |   1088 |   6847 |  10 | 1022.4 |
               +--------+--------+--------+--------+--------+-----+--------+

Top non-repeatable levels by time:
     D:8: 1652 daAuts
     D:7: 1404 daAuts
     D:9: 1248 daAuts
     D:4: 1112 daAuts
     D:3: 1007 daAuts
     D:1: 983 daAuts
     D:6: 972 daAuts
     D:5: 906 daAuts
     D:2: 551 daAuts
    D:10: 385 daAuts
